 Dungeon Crawl Stone Soup version 0.21-a0-128-gf2b353c (webtiles) character file.

58736 grindst0ne the Fighter (level 14, -61/82 HPs)
             Began as a Vine Stalker Assassin on July 16, 2017.
             Was an Initiate of Gozag.
             Annihilated by a titanic slime creature (72 damage)
             ... on level 13 of the Dungeon.
             The game lasted 01:23:13 (20774 turns).

grindst0ne the Fighter (Vine Stalker Assassin)     Turns: 20774, Time: 01:23:13

Health: -61/82     AC: 26    Str: 22    XL:     14   Next: 91%
Magic:  0/19       EV: 11    Int: 14    God:    Gozag
Gold:   266        SH:  0    Dex: 12    Spells: 12/13 levels left

rFire    + . .     SeeInvis +   G - +4 dagger (venom)
rCold    + . .     Gourm    .   (no shield)
rNeg     . . .     Faith    .   W - +3 chain mail of Gravity {rF+ rCorr}
rPois    .         Spirit   +   d - +0 helmet
rElec    +         Reflect  .   T - +2 cloak of the Dice {rC+ MR+ Str-3}
rCorr    +         Harm     .   u - +2 pair of gloves of Narcissism {rElec Str+3 Int+3 Dex-5}
MR       ++...                  Y - +1 pair of boots {run}
Stlth    ..........             E - amulet of regeneration
HPRegen  1.43/turn              L - +4 ring of strength
MPRegen  0.16/turn              O - ring "Agreil" {AC+2 Slay+6 SInv}

@: heavily drained, invisible, quick
A: fangs 3, regeneration 2, magic shield, antimagic bite, no potion heal 3, rot
immunity
a: Potion Petition, Call Merchant, Bribe Branch, Renounce Religion


You were on level 13 of the Dungeon.
You worshipped Gozag.
Gozag was aware of your devotion.
You were hungry.

You visited 3 branches of the dungeon, and saw 20 of its levels.
You also visited: Labyrinth, Ossuary and Ice Cave.

You collected 5647 gold pieces.
You spent 2282 gold pieces at shops.
You paid 3099 gold pieces to Gozag.

Inventory:

Hand Weapons
 b - a +0 blowgun
 G - a +4 dagger of venom (weapon)
Missiles
 f - 4 curare-tipped needles
 P - 5 throwing nets (quivered)
 S - 43 poisoned needles
Armour
 d - a +0 helmet (worn)
 p - a +1 pair of boots of flying
 u - the +2 pair of gloves of Narcissism (worn) {rElec Str+3 Int+3 Dex-5}
   (You bought it in a shop on level 2 of the Lair of Beasts)

   It affects your strength (+3).
   It affects your intelligence (+3).
   It affects your dexterity (-5).
   It insulates you from electricity.
 y - a +1 crystal plate armour
 T - the +2 cloak of the Dice (worn) {rC+ MR+ Str-3}
   (You bought it in a shop on level 9 of the Dungeon)

   It affects your strength (-3).
   It protects you from cold.
   It affects your resistance to hostile enchantments.
 W - the +3 chain mail of Gravity (worn) {rF+ rCorr}
   (You found it on level 4 of the Lair of Beasts)

   It protects you from fire.
   It protects you from acid and corrosion.
 Y - a +1 pair of boots of running (worn)
Jewellery
 e - an uncursed ring of protection from fire
 h - an uncursed ring of protection from cold
 E - an amulet of regeneration (around neck)
 L - a +4 ring of strength (left hand)
 O - the ring "Agreil" (right hand) {AC+2 Slay+6 SInv}
   (You bought it in a shop on level 12 of the Dungeon)

   [ring of protection]

   It affects your AC (+2).
   It affects your accuracy and damage with ranged weapons and melee attacks
   (+6).
   It lets you see invisible.
Wands
 k - a wand of paralysis (8/24)
 B - a wand of scattershot (0/9)
 J - a wand of disintegration (0/24)
 M - a wand of polymorph (11/24)
 Q - a wand of acid (0/15)
 U - a wand of polymorph (8/24)
 Z - a wand of digging (7/24)
Scrolls
 c - 3 scrolls of enchant armour
 g - 5 scrolls of remove curse
 j - 4 scrolls of fog
 n - 6 scrolls of amnesia
 q - 16 scrolls of teleportation
 v - 3 scrolls of enchant weapon
 w - a scroll of silence
 F - a scroll of magic mapping
 H - a scroll of holy word
 K - a scroll of identify
Potions
 a - 3 potions of flight
 i - 3 potions of mutation
 l - 2 potions of brilliance
 o - 7 potions of curing
 r - 2 potions of magic
 t - a potion of berserk rage
 x - 4 potions of ambrosia
 C - 2 potions of agility
 D - 3 potions of invisibility
 I - 2 potions of haste
 N - a potion of resistance
 X - 3 potions of cancellation
Comestibles
 m - 9 meat rations
 s - 5 bread rations
 z - 20 fruits
 A - 20 royal jellies


   Skills:
 + Level 13.0(11.5) Fighting
 - Level 10.0(8.6) Short Blades
 - Level 1.7(0.6) Throwing
 - Level 10.2(8.7) Armour
 * Level 9.1(7.7) Dodging
 - Level 5.0(3.7) Stealth
 + Level 7.5(6.1) Translocations
 - Level 6.0(4.7) Evocations


You had 12 spell levels left.
You knew the following spells:

 Your Spells              Type           Power        Failure   Level  Hunger
a - Apportation           Tloc           ###...       16%         1    ##.....


Dungeon Overview and Level Annotations

Branches:
Dungeon (13/15)            Temple (1/1) D:4            Lair (6/6) D:11
 Shoals (0/4) Lair:2       Spider (0/4) Lair:2        Slime (0/5) Lair:5
    Orc (0/2) D:10
 Vaults: D:13-14

Altars:
Ashenzari
Cheibriados
Dithmenos
Elyvilon
Fedhas
Gozag
Hepliaklqana
Kikubaaqudgha
Makhleb
Nemelex Xobeh
Okawaru
Qazlal
Ru
Sif Muna
Trog
Uskayaw
Vehumet
Wu Jian
Xom
Yredelemnul
Zin
The Shining One
Jiyva

Shops:
D:5 ?   D:9 [   D:12 =   Lair:2 *   Lair:6 (


Innate Abilities, Weirdness & Mutations

You have razor-sharp teeth.
You heal very quickly.
When hurt, damage is shared between your health and your magic reserves.
Your bite disrupts and absorbs the magic of your enemies.
Potions cannot restore your health.
You are immune to rotting.


Message History

The titanic slime creature hits you!
You found a teleport trap!
The titanic slime creature hits you!! The titanic slime creature hits you!!!
* * * LOW HITPOINT WARNING * * *
You puncture the slime creature!
The slime creature is lightly wounded.
The slime creature hits you but does no damage.
The slime creature hits you!
* * * LOW HITPOINT WARNING * * *
Okay, then.
Okay, then.
Press: ? - help, v - describe, . - travel
Here: a titanic slime creature (moderately wounded, poisoned)
The floor.
You fade into invisibility!
The titanic slime creature hits you!!!!
Ouch! That really hurt!
You die...
Your body crumbles into a pile of gold.

#.# #..>..^.......
#.#####.............
#...................
#########...........
#####......##+##
#..........+ $
#####....#.....#
#...'.JJ.+.....#
#.###.@..########
#.#.'............
#.#[#....########
#J#.#....#
#.#.###### #.#.#
#.#.# #?#.# #.#.#


You could see a titanic slime creature and a slime creature.

Vanquished Creatures
  Rupert (D:12)
  A dire elephant (Lair:6)
  A minotaur (Lab)
  A fire dragon (Lair:6)
  Harold (Lair:2)
  5 hydras
  An ice dragon (D:11)
  A centaur warrior (D:12)
  A two-headed ogre (D:8)
  Urug (D:11)
  2 unseen horrors
  A swamp dragon (Lair:6)
  The ghost of Gorglomux the Cleaver, a novice HOSk of Okawaru (D:7)
  A necromancer (IceCv)
  2 oklob plants (Lair:4)
  2 ugly things
  A faun (Lair:2)
  4 elephants (Lair:6)
  2 black mambas
  Psyche (D:12)
  5 ice statues (IceCv)
  15 spiny frogs
  4 rime drakes (Lair:6)
  2 gargoyles
  7 komodo dragons
  5 ice devils (IceCv)
  2 hornets
  5 raiju (Lair:6)
  13 polar bears
  Grinder (D:4)
  6 hippogriffs
  A slime creature (Lair:5)
  5 dream sheep (Lair:5)
  A snapping turtle (Lair:2)
  35 yaks
  2 vampires
  A wraith (D:10)
  3 wyverns
  Grum (Lair:1)
  6 basilisks
  3 hungry ghosts
  A steam dragon (Lair:6)
  7 wargs
  An acid dragon (Lair:6)
  12 hell hounds (Lair:6)
  5 porcupines
  A soldier ant (D:10)
  4 water moccasins
  14 black bears
  3 orc warriors
  A sky beast (D:8)
  A necrophage (D:11)
  A hornet zombie (D:11)
  4 phantoms
  5 ice beasts
  5 ogres
  4 boggarts
  33 wolves
  16 centaurs
  11 crocodiles
  3 big kobolds
  14 bullfrogs
  A gnoll sergeant (D:9)
  4 water moccasin zombies (Ossuary)
  A wyvern skeleton (D:11)
  5 scorpions
  4 killer bees
  11 wights
  2 electric eels
  2 howler monkeys
  4 crimson imps
  3 centaur zombies
  3 bullfrog zombies
  A draconian simulacrum (IceCv)
  3 bullfrog skeletons
  5 jellies
  6 orc priests
  4 hounds
  6 orc wizards
  2 centaur skeletons
  Ijyb (D:5)
  6 iguanas
  8 worker ants
  3 troll simulacra (IceCv)
  2 spriggan simulacra (IceCv)
  5 big kobold zombies (Ossuary)
  2 mummies (Ossuary)
  2 howler monkey skeletons
  12 gnolls
  3 naga simulacra (IceCv)
  18 adders
  An ogre simulacrum (IceCv)
  2 river rats (D:4)
  4 shadow imps
  8 adder zombies (Ossuary)
  An adder skeleton (D:7)
  A worm (D:3)
  A dart slug (D:4)
  11 leopard geckos
  24 orcs
  4 ball pythons
  7 bats
  5 giant cockroaches
  7 goblins
  3 hobgoblins (D:2)
  12 jackals
  2 quokkas
  12 frilled lizards
  3 gnoll zombies (Ossuary)
  6 hobgoblin zombies (Ossuary)
  A jackal skeleton (D:9)
  19 kobolds
  A kobold zombie (Ossuary)
  2 orc zombies (Ossuary)
  A quokka skeleton (D:9)
  A quokka zombie (D:10)
  10 rats
  A bush (Lair:4)
579 creatures vanquished.

Vanquished Creatures (others)
  A swamp drake (Lair:6)
  2 fungi
  9 plants (Lair:6)
12 creatures vanquished.

Grand Total: 591 creatures vanquished

Notes
Turn   | Place    | Note
-------+----------+-------------------------------------------
     0 | D:1      | grindst0ne the Vine Stalker Assassin began the quest for the Orb.
     0 | D:1      | Reached XP level 1. HP: 11/11 MP: 2/2
   201 | D:1      | Reached skill level 2 in Fighting
   302 | D:1      | Reached skill level 5 in Stealth
   302 | D:1      | Reached XP level 2. HP: 12/15 MP: 3/3
   717 | D:2      | Reached XP level 3. HP: 16/19 MP: 4/4
  1180 | D:2      | Gained mutation: Your natural rate of healing is unusually fast. [Vine Stalker growth]
  1180 | D:2      | Reached XP level 4. HP: 23/23 MP: 5/5
  1433 | D:2      | Reached skill level 3 in Fighting
  2207 | D:4      | Reached XP level 5. HP: 9/28 MP: 2/6
  2528 | D:4      | Reached XP level 6. HP: 33/33 MP: 7/7
  2580 | D:4      | Found a staircase to the Ecumenical Temple.
  2586 | Temple   | Entered the Ecumenical Temple
  2842 | D:4      | Reached skill level 4 in Fighting
  2985 | D:4      | Noticed a phantom
  3011 | D:4      | Killed a phantom
  3046 | D:4      | Noticed Grinder
  3072 | D:4      | Killed Grinder
  3072 | D:4      | Reached skill level 5 in Fighting
  3072 | D:4      | Reached skill level 5 in Short Blades
  3072 | D:4      | Reached XP level 7. HP: 4/39 MP: 1/8
  3360 | D:4      | Found an opulent altar of Gozag.
  3368 | D:4      | Became a worshipper of Gozag Ym Sagoz the Greedy
  3480 | D:5      | Entered Level 5 of the Dungeon
  3666 | D:5      | Got a bloodstained dagger
  3667 | D:5      | Identified the +3 dagger of Evil {flame, rPois} (You found it on level 5 of the Dungeon)
  3688 | D:5      | Found Zoycs's Magic Scroll Shop.
  3693 | D:5      | Bought a scroll of magic mapping for 35 gold pieces
  3741 | D:5      | Found a stormy altar of Qazlal.
  3743 | D:5      | Noticed an air elemental
  3743 | D:5      | Noticed a fire elemental
  3743 | D:5      | Noticed a water elemental
  3871 | D:5      | Found a sand-covered staircase.
  3871 | D:5      | Noticed Ijyb
  3918 | D:5      | Killed Ijyb
  3993 | Ossuary  | Entered an ossuary
  4000 | Ossuary  | Gained mutation: You have razor-sharp teeth. [Vine Stalker growth]
  4000 | Ossuary  | Reached XP level 8. HP: 39/44 MP: 9/9
  4114 | Ossuary  | Reached skill level 6 in Fighting
  4552 | D:5      | Bought a scroll of enchant armour for 75 gold pieces
  4552 | D:5      | Bought a scroll of teleportation for 30 gold pieces
  4552 | D:5      | Bought a scroll of enchant armour for 75 gold pieces
  4552 | D:5      | Bought a scroll of identify for 20 gold pieces
  4552 | D:5      | Bought a scroll of identify for 20 gold pieces
  4552 | D:5      | Bought a scroll of identify for 20 gold pieces
  4552 | D:5      | Bought a scroll of identify for 20 gold pieces
  4552 | D:5      | Bought a scroll of teleportation for 30 gold pieces
  4552 | D:5      | Bought a scroll of recharging for 95 gold pieces
  4552 | D:5      | Bought a scroll of fog for 20 gold pieces
  4608 | D:5      | Found a bloodstained altar of Trog.
  4795 | D:6      | Found an iron altar of Okawaru.
  4910 | D:6      | Found a radiant altar of Vehumet.
  4915 | D:6      | Found a shattered altar of Ashenzari.
  4935 | D:6      | Reached skill level 7 in Fighting
  5188 | D:6      | Reached XP level 9. HP: 50/50 MP: 10/10
  5409 | D:7      | Reached skill level 8 in Fighting
  5820 | D:7      | Noticed Gorglomux's ghost (novice HOSk)
  5833 | D:7      | Killed Gorglomux's ghost
  6042 | D:7      | Reached skill level 9 in Fighting
  6123 | D:8      | Learned a level 1 spell: Apportation
  6156 | D:8      | Reached XP level 10. HP: 51/58 MP: 11/11
  6280 | D:8      | Found an ancient bone altar of Kikubaaqudgha.
  6406 | D:8      | Noticed a two-headed ogre
  6418 | D:8      | Killed a two-headed ogre
  6418 | D:8      | Reached skill level 1 in Armour
  6572 | D:8      | Noticed a hand axe
  6574 | D:8      | Noticed a dagger
  6585 | D:8      | Found a hide-covered altar of Uskayaw.
  7247 | D:9      | Reached skill level 1 in Evocations
  7491 | D:9      | Bought a pair of glowing boots for 225 gold pieces
  7496 | D:9      | Identified a +1 pair of boots of running (You bought it in a shop on level 9 of the Dungeon)
  7540 | D:9      | Found an opulent altar of Gozag.
  7977 | D:10     | Entered Level 10 of the Dungeon
  7999 | D:10     | Noticed a gargoyle
  8003 | D:10     | Killed a gargoyle
  8041 | D:10     | Found a hide-covered altar of Uskayaw.
  8221 | D:9      | Reached skill level 10 in Short Blades
  8230 | D:9      | Reached skill level 10 in Fighting
  8230 | D:9      | Reached XP level 11. HP: 23/63 MP: 13/13
  8669 | D:9      | Bought a translucent cloak for 285 gold pieces
  8679 | D:9      | Identified the +2 cloak of the Dice {rC+ MR+ Str-3} (You bought it in a shop on level 9 of the Dungeon)
  8815 | D:10     | Reached skill level 5 in Armour
  8898 | D:10     | Paralysed by a hornet for 3 turns
  9065 | D:10     | Noticed a red ugly thing
  9068 | D:10     | Killed a red ugly thing
  9098 | D:10     | Found a staircase to the Orcish Mines.
  9602 | D:11     | Killed an unseen horror
  9689 | D:11     | Found a staircase to the Lair.
  9712 | D:11     | Found a burning altar of Makhleb.
  9798 | D:11     | Noticed Urug
  9815 | D:11     | Killed Urug
  9964 | D:11     | Found a frozen archway.
  9965 | D:11     | Noticed an ice dragon
 10019 | D:11     | Killed an ice dragon
 10019 | D:11     | Reached skill level 5 in Evocations
 10019 | D:11     | Gained mutation: You heal very quickly. [Vine Stalker growth]
 10019 | D:11     | Reached XP level 12. HP: 43/69 MP: 9/16
 10033 | IceCv    | Entered an ice cave
 10295 | IceCv    | Reached skill level 11 in Fighting
 11449 | Lair:1   | Entered Level 1 of the Lair of Beasts
 11486 | Lair:1   | Reached skill level 1 in Translocations
 11564 | D:9      | Bought a bloodstained chain mail for 285 gold pieces
 11574 | D:9      | Identified the cursed +1 chain mail of the Townfolk {*Slow rPois Str+2 Dex+8} (You bought it in a shop on level 9 of the Dungeon)
 11724 | Lair:1   | Reached skill level 1 in Dodging
 12026 | Lair:1   | Noticed Grum
 12054 | Lair:1   | Killed Grum
 12308 | Lair:2   | Found a labyrinth entrance.
 12331 | Lair:2   | Bought a pair of slimy gloves for 351 gold pieces
 12341 | Lair:2   | Identified the +2 pair of gloves of Narcissism {rElec Str+3 Int+3 Dex-5} (You bought it in a shop on level 2 of the Lair of Beasts)
 12347 | Lab      | Entered a labyrinth
 13027 | Lab      | Noticed a minotaur
 13033 | Lab      | Killed a minotaur
 13041 | Lab      | Got a steaming leather armour
 13054 | Lab      | Identified the +0 leather armour of Janem {*Drain Regen+ Str+3 Slay+4} (You found it in a labyrinth)
 13122 | Lair:2   | Found a hole to the Spider Nest.
 13125 | Lair:2   | Noticed Harold
 13130 | Lair:2   | Killed Harold
 13164 | Lair:2   | Reached XP level 13. HP: 9/74 MP: 1/18
 13194 | Lair:2   | Got an ichor-stained leather armour
 13211 | Lair:2   | Identified the +1 leather armour of Compression {+Fly rCorr Int+5 Dex-3} (You found it on level 2 of the Lair of Beasts)
 13245 | Lair:2   | Found a staircase to the Shoals.
 14889 | Lair:4   | Got a faintly glowing chain mail
 14900 | Lair:4   | Identified the +3 chain mail of Gravity {rF+ rCorr} (You found it on level 4 of the Lair of Beasts)
 15625 | Lair:4   | Reached skill level 10 in Armour
 16084 | Lair:5   | Reached skill level 5 in Dodging
 16332 | Lair:5   | Found a staircase to the Slime Pits.
 16333 | Lair:5   | Found a viscous altar of Jiyva.
 16649 | Lair:5   | Reached skill level 12 in Fighting
 17123 | Lair:6   | Entered Level 6 of the Lair of Beasts
 17415 | Lair:6   | Reached skill level 5 in Translocations
 17719 | Lair:6   | Reached XP level 14. HP: 80/80 MP: 19/19
 18465 | Lair:6   | Noticed a dire elephant
 18489 | Lair:6   | Killed a dire elephant
 19609 | D:12     | Noticed Rupert
 19698 | D:12     | Killed Rupert
 19937 | D:12     | Reached skill level 13 in Fighting
 20011 | D:12     | Noticed Psyche
 20026 | D:12     | Killed Psyche
 20668 | D:12     | Bought the ring "Agreil" {AC+2 Slay+6 SInv} for 696 gold pieces
 20774 | D:13     | Annihilated by a titanic slime creature

Vault maps used:
D:1:      saegor_arrival_simple_c, roderic_roman_lattice
D:3:      first_bread
D:4:      lemuel_coloured_pillars_altar, minmay_temple_entry_statues_pillars,
          minmay_bent, uniq_grinder
D:5:      nicolae_qazlal_style_of_elements, lemuel_round_altar, serial_shops,
          kennysheep_little_box, portal_sewer_entry_b,
          nicolae_ossuary_entry_monument, minivault_26, uniq_ijyb
D:6:      okawaru_ov_weapons_minmay, minitemple
D:8:      wad_cavern_with_rooms, kiku_gazebo_garden_becter,
          dancing_weapons_uskayaw
D:9:      grunt_gozag_statues
D:10:     orc_0_dummy, basic_altar, hangedman_pestilent_swarm
D:11:     erik_lair_orcish_takeover, portal_ice_cave_entry_animals_and_master,
          bloody_makhleb, uniq_urug
D:12:     uniq_rupert, uniq_psyche
D:13:     kennysheep_seaside_town, uniq_erolcha, uniq_josephine
Temple:   eino_temple_water
Lair:1:   st_stairs_12, uniq_grum
Lair:2:   minmay_shoals_entry_hut, dummy_spider_entry, lab_entry_generic,
          uniq_harold
Lair:3:   serial_bayou_shore_a
Lair:4:   disabler_island
Lair:5:   slime_altar_1, st_stairs_4, kilobyte_rumbling_trees, lemuel_fruit_tree
Lair:6:   hangedman_lair_caniforms_friends, guppyfry_lair_end_dragon,
          nicolae_quartered_pool_little, lemuel_fruit_fields,
          infiniplex_staircase_pool_2
Lab:      labyrinth_watery
Ossuary:  ossuary_tomb_2
IceCv:    ice_cave_tombish

Skill      XL: |  1  2  3  4  5  6  7  8  9 10 11 12 13 14 |
---------------+-------------------------------------------+-----
Fighting       | 2 3 5 7 9 10 11 12 13 | 13.0
Short Blades   | 2 3 4 5 7 9 10 | 10.0
Stealth        | 5 |  5.0
Armour         | 4 7 9 10 | 10.2
Evocations     | 2 5 6 |  6.0
Translocations | 2 5 7 |  7.5
Dodging        | 3 6 9 |  9.1
Throwing       | |  1.7

Action                   |  1- 3 |  4- 6 |  7- 9 | 10-12 | 13-15 || total
-------------------------+-------+-------+-------+-------+-------++-------
Melee: Dagger            |    82 |   250 |   490 |  1250 |  1542 ||  3614
       Bite              |    16 |    72 |   182 |   538 |   599 ||  1407
Invok: Call Merchant     |       |       |       |     2 |     2 ||     4
       Potion Petition   |       |       |       |       |     1 ||     1
Evoke: Wand              |       |       |     3 |    50 |    23 ||    76
  Use: Scroll            |       |    11 |    15 |    10 |     5 ||    41
       Potion            |       |     4 |       |     2 |     7 ||    13
 Stab: Sleeping          |     3 |       |       |       |       ||     3
       Fleeing           |       |       |     1 |       |       ||     1
       Distracted        |       |       |     2 |     6 |     9 ||    17
       Confused          |       |       |       |     4 |     1 ||     5
       Paralysed         |       |       |       |     1 |       ||     1
       Invisible         |       |       |       |     4 |     4 ||     8
  Eat: Chunk             |     1 |     6 |       |       |       ||     7
       Bread ration      |       |       |     6 |       |     1 ||     7
       Meat ration       |       |       |       |     4 |     4 ||     8
Armor: Chain mail        |    52 |   109 |   255 |   497 |   790 ||  1703
       Robe              |     2 |       |       |       |       ||     2
       Leather armour    |       |       |       |     1 |       ||     1
Dodge: Dodged            |    26 |    64 |   109 |   262 |   615 ||  1076
